 Dungeon Sprint DCSS version 0.17-a0-1719-g1afd5a1 (webtiles) character file.

1243 Kidiri the Protected (level 8, -1/75 HPs)
             Began as a Minotaur Fighter on Aug 28, 2015.
             Was a Priest of Okawaru.
             Slain by a hill giant
             ... wielding a cursed -3 giant club
              (31 damage)
             ... in the Dungeon (Sprint VII: "The Pits").
             The game lasted 00:02:56 (548 turns).

Kidiri the Protected (Minotaur Fighter)              Turns: 548, Time: 00:02:56

Health: -1/75      AC: 19    Str: 23    XL:     8   Next: 25%
Magic:  11/11      EV: 11    Int:  5    God:    Okawaru [***...]
Gold:   0          SH: 11    Dex: 10    Spells: 0 memorised, 7 levels left

rFire  . . .     SeeInvis .     a - +0 war axe
rCold  . . .     Clarity  .     s - +2 plate armour
rNeg   . . .     SustAt   .     c - +0 shield
rPois  .         Gourm    .     (helmet restricted)
rElec  .         Spirit   .     (no cloak)
rCorr  .         Warding  .     (no gloves)
rMut   .         NoTele   +     (no boots)
MR     .....                    (no amulet)
Stlth  ..........               (no ring)
                                (no ring)

@: heroism, not resistant to hostile enchantments, extremely unstealthy
A: retaliatory headbutt, horns 2
a: Heroism, Renounce Religion


You were in the Dungeon.
You worshipped Okawaru.
Okawaru was most pleased with you.
You were not hungry.

You visited 1 branch

Inventory:

Hand weapons
 a - a +0 war axe (weapon)
 b - a +4 dagger of chaos
Armour
 c - a +0 shield (worn)
 s - a +2 plate armour (worn)
 t - a +1 robe of fire resistance
Scrolls
 k - a scroll of blinking
 o - 3 scrolls of remove curse
 p - 5 scrolls of amnesia
 q - a scroll of summoning
Potions
 d - a potion of might
 f - 5 potions of curing
 g - 4 potions of heal wounds
 h - a potion of haste
 i - 4 potions of magic
 j - 3 potions of berserk rage
 n - 2 potions of invisibility
Comestibles
 e - 8 bread rations
 l - 40 fruits
 m - 7 meat rations
 r - 4 chunks of flesh


   Skills:
 + Level 8.3(13.3) Fighting
 * Level 11.2(16.2) Axes
 * Level 11.4(16.4) Armour
 * Level 10.0(15.0) Dodging
 - Level 3.6(8.6) Shields
 + Level 6.4 Invocations


You had 7 spell levels left.
You didn't know any spells.

Dungeon Overview and Level Annotations

Branches:
Dungeon (1/1)

Altars:
Ashenzari
Cheibriados
Dithmenos
Elyvilon
Fedhas
Gozag
Kikubaaqudgha
Makhleb
Nemelex Xobeh
Okawaru
Qazlal
Ru
Sif Muna
Trog
Vehumet
Xom
Yredelemnul
Zin
The Shining One
Beogh
Jiyva
Lugonu

Annotations:
D Sigmund


Innate Abilities, Weirdness & Mutations

You reflexively headbutt those who attack you in melee.
You have a pair of horns on your head.


Message History

The hill giant is moderately wounded.
Sigmund hits you but does no damage.
You slice the hill giant!!
The hill giant is severely wounded.
The hill giant closely misses you.
You hit the hill giant but do no damage.
The hill giant is severely wounded.
Sigmund casts a spell.
Sigmund flickers and vanishes!
Deactivating autopickup; reactivate with Ctrl-A.
You hit the hill giant. You headbutt the hill giant!
The hill giant is almost dead.
The hill giant hits you with a giant club!
Something completely misses you.
You slash the hill giant! Your headbutt misses the hill giant.
The hill giant is almost dead.
You completely miss the hill giant.
The hill giant is almost dead.
The hill giant hits you with a giant club!!
You die...

#.##+#..#+###...<...#
#.#........##.......#
#(#........##.......#
#)###########.......#
#.......#..##########
#.......#.######
#...#...#.#....#
#..###..#+#{...#
#...#...#@C....+
#.......#รท#....#
#.......'.#....#
################


You could see a hill giant.

Vanquished Creatures
  Psyche (D)
  A blue devil (D)
  A flying skull (D)
  A fire bat (D)
  A water moccasin (D)
  A sky beast (D)
  A big kobold (D)
  Blork the orc (D)
  A giant frog (D)
  An adder (D)
  A white imp (D)
  A giant eyeball (D)
  An ufetubus (D)
  An adder zombie (D)
  A worm (D)
  A giant gecko (D)
  A hobgoblin (D)
  2 bats (D)
  2 goblins (D)
  A jackal skeleton (D)
  A rat (D)
23 creatures vanquished.

Notes
Turn   | Place    | Note
--------------------------------------------------------------
     0 | D        | Kidiri the Minotaur Fighter began the quest for the Orb.
     0 | D        | Reached XP level 1. HP: 19/19 MP: 0/0
    41 | D        | Found a sacrificial altar of Ru.
    41 | D        | Found a basalt altar of Yredelemnul.
    41 | D        | Found a shadowy altar of Dithmenos.
    41 | D        | Found a deep blue altar of Sif Muna.
    41 | D        | Found a burning altar of Makhleb.
    41 | D        | Found a shimmering altar of Xom.
    41 | D        | Found an ancient bone altar of Kikubaaqudgha.
    41 | D        | Found a sparkling altar of Nemelex Xobeh.
    42 | D        | Found a glowing golden altar of the Shining One.
    42 | D        | Found a bloodstained altar of Trog.
    42 | D        | Found a shattered altar of Ashenzari.
    42 | D        | Found a white marble altar of Elyvilon.
    42 | D        | Found a snail-covered altar of Cheibriados.
    42 | D        | Found a blossoming altar of Fedhas.
    42 | D        | Found a radiant altar of Vehumet.
    42 | D        | Found a glowing silver altar of Zin.
    42 | D        | Found a corrupted altar of Lugonu.
    42 | D        | Found a viscous altar of Jiyva.
    42 | D        | Found a roughly hewn altar of Beogh.
    42 | D        | Found an iron altar of Okawaru.
    48 | D        | Found a stormy altar of Qazlal.
    48 | D        | Found an opulent altar of Gozag.
    51 | D        | Became a worshipper of Warmaster Okawaru
    68 | D        | Reached skill level 4 in Armour
    68 | D        | Reached skill level 1 in Dodging
   176 | D        | Reached skill level 1 in Invocations
   198 | D        | Reached XP level 2. HP: 27/27 MP: 1/1
   202 | D        | Reached skill level 5 in Armour
   276 | D        | Noticed a big kobold
   277 | D        | Noticed a water moccasin
   277 | D        | Noticed Blork the orc
   277 | D        | Noticed a flying skull
   289 | D        | Killed a water moccasin
   289 | D        | Acquired Okawaru's first power
   289 | D        | Reached skill level 5 in Fighting
   289 | D        | Reached skill level 6 in Axes
   289 | D        | Reached skill level 5 in Dodging
   289 | D        | Reached XP level 3. HP: 18/36 MP: 2/4
   289 | D        | Reached XP level 4. HP: 21/42 MP: 2/5
   309 | D        | Killed a flying skull
   309 | D        | Reached skill level 8 in Axes
   309 | D        | Reached XP level 5. HP: 31/50 MP: 2/7
   309 | D        | Reached XP level 6. HP: 35/57 MP: 2/8
   315 | D        | Killed Blork the orc
   315 | D        | Reached skill level 9 in Armour
   320 | D        | Killed a big kobold
   331 | D        | Noticed a sky beast
   344 | D        | Killed a sky beast
   344 | D        | Reached skill level 5 in Invocations
   344 | D        | Reached XP level 7. HP: 42/66 MP: 5/9
   458 | D        | Noticed Psyche
   465 | D        | Killed Psyche
   465 | D        | Reached skill level 10 in Axes
   465 | D        | Reached skill level 10 in Armour
   489 | D        | Noticed a giant frog
   489 | D        | Noticed a fire bat
   493 | D        | Killed a fire bat
   493 | D        | Reached skill level 11 in Armour
   501 | D        | Killed a giant frog
   501 | D        | Reached XP level 8. HP: 69/74 MP: 11/11
   522 | D        | Noticed Sigmund
   522 | D        | Noticed a blue devil
   522 | D        | Noticed a hill giant
   541 | D        | Killed a blue devil
   541 | D        | Reached skill level 10 in Dodging
   548 | D        | Slain by a hill giant

Vault maps used:
D:        pitsprint

Action                   |  1- 3 |  4- 6 |  7- 9 || total
-------------------------+-------+-------+-------++-------
Melee: War axe           |    20 |    36 |    44 ||   100
Invok: Heroism           |       |     1 |     2 ||     3
  Use: Potion            |       |     2 |     1 ||     3
